 Dungeon Crawl Stone Soup version 0.27-a0-1301-g128193abf8 (webtiles) character file.

Game seed: 17699927464673295663

570043 Alarkh the Black Belt (level 25, -1/322 HPs)
             Began as a Demonspawn Earth Elementalist on Apr 14, 2021.
             Was the Champion of Cheibriados.
             Slain by an Orb Guardian (2 damage)
             ... on level 5 of the Realm of Zot on July 8, 2023.
             The game lasted 03:14:02 (54385 turns).

Alarkh the Black Belt (DsEE)                       Turns: 54385, Time: 03:14:03

Health: -1/322     AC: 37    Str: 18 (23) XL:     25   Next: 61%
Magic:  40/40      EV: 21    Int: 37 (42) God:    Cheibriados [******]
Gold:   3660       SH: 16    Dex: 27 (31) Spells: 15/51 levels left

rFire    + + .     SeeInvis +     - Unarmed
rCold    + + +     Faith    .   J - +2 kite shield
rNeg     + . .     Spirit   .   (armour currently unavailable)
rPois    ∞         Reflect  .   X - +2 helmet
rElec    +         Harm     .   x - +2 cloak {rPois}
rCorr    +         Rampage  .   (gloves unavailable)
Will     +....                  (boots currently unavailable)
Stlth    ++++++....             p - amulet of Uskayaw's Pride {Acrobat +Inv rC++}
HPRegen  0.00/turn              l - ring of Daengae {rCorr SInv}
MPRegen  0.27/turn              Y - ring of protection from fire

@: mighty, statue-form, resistant, marked, unable to read, studying Ice Magic,
very slow
A: slow and powerful, torment resistance 1, boosted hp, claws 3, icy blue scales
3, powered by death 2, robust 3, spiny 3, deformed body, deterioration 2,
screaming 1, inhibited regeneration, inability to read while threatened
}: 3/15 runes: barnacled, abyssal, gossamer
a: End Transformation, Renounce Religion, Evoke Invisibility, Bend Time,
Temporal Distortion, Slouch, Step From Time


You were on level 5 of the Realm of Zot.
You worshipped Cheibriados.
Cheibriados was exalted by your worship.
You were a living statue of rough stone.
You visited 11 branches of the dungeon, and saw 50 of its levels.
You visited the Abyss 5 times.
You visited 1 bazaar.
You also visited: Sewer, Bailey, Volcano and Desolation.

You collected 8046 gold pieces.
You spent 4386 gold pieces at shops.

Inventory:

Hand Weapons
 b - the +8 Vampire's Tooth {vamp}
   (You acquired it on level 2 of the Elven Halls)

   It inflicts no extra harm, but heals its wielder when it wounds a living foe.
Missiles
 z - 15 throwing nets
Armour
 j - the +1 pair of boots "Sixabet" (melded) {rCorr Str+4}
   (You found it on level 3 of the Spider Nest)

   It affects your strength (+4).
   It protects you from acid and corrosion.
 x - a +2 cloak of poison resistance (worn)
 E - a +5 ring mail of fire resistance (melded)
 J - a +2 kite shield (worn)
 X - a +2 helmet (worn)
Magical Staves
 d - a staff of conjuration
Jewellery
 a - a ring of flight
 g - an amulet of regeneration
 l - the ring of Daengae (left claw) {rCorr SInv}
   (You acquired it on level 1 of the Lair of Beasts)

   [ring of resist corrosion]

   It lets you see invisible.
   It protects you from acid and corrosion.
 p - the amulet of Uskayaw's Pride (around neck) {Acrobat +Inv rC++}
   (You acquired it on level 1 of the Lair of Beasts)

   [amulet of the acrobat]

   It increases your evasion while moving and waiting.
   It greatly protects you from cold.
   It lets you turn invisible.
 Y - a ring of protection from fire (right claw)
Wands
 k - a wand of acid (14)
 v - a wand of mindburst (45)
 I - a wand of digging (18)
 L - a wand of iceblast (28)
 P - a wand of paralysis (35)
Scrolls
 c - 4 scrolls of fog
 h - 2 scrolls of enchant weapon
 i - 6 scrolls of blinking
 m - a scroll of amnesia
 n - 4 scrolls of silence
 r - 23 scrolls of identify
 t - 8 scrolls of teleportation
 y - 5 scrolls of magic mapping
 Q - 4 scrolls of fear
Potions
 e - 2 potions of heal wounds
 f - 2 potions of flight
 q - 5 potions of resistance
 D - 9 potions of curing
 F - 2 potions of might
 K - 6 potions of mutation
 O - 5 potions of magic


   Skills:
 - Level 14.0 Fighting
 + Level 13.9 Armour
 - Level 10.0 Dodging
 - Level 13.0 Stealth
 + Level 11.9 Shields
 - Level 18.0 Unarmed Combat
 + Level 13.9 Spellcasting
 - Level 12.0 Conjurations
 + Level 10.0 Translocations
 - Level 12.0 Transmutations
 * Level 9.4 Ice Magic
 * Level 11.6 Air Magic
 - Level 12.0 Earth Magic
 - Level 18.0 Invocations


You had 15 spell levels left.
You knew the following spells:

 Your Spells              Type           Power      Damage    Failure   Level
a - Lesser Beckoning      Tloc           39%        N/A       1%          3
b - Passwall              Tmut/Erth      70%        N/A       1%          2
c - Blade Hands           Tmut           42%        N/A       1%          5
e - Statue Form           Tmut/Erth      56%        N/A       2%          6
f - Iron Shot             Conj/Erth      42%        9d8       2%          6
g - Gell's Gravitas       Tloc           39%        N/A       1%          3
h - Polar Vortex          Ice            38%        N/A       100%        9
i - Blink                 Tloc           N/A        N/A       1%          2

Your spell library contained the following spells:

 Spells                   Type           Power      Damage    Failure   Level
 Beastly Appendage        Tmut           100%       N/A       0%          1
 Magic Dart               Conj           100%       1d8       0%          1
 Sandblast                Erth           100%       2d20      0%          1
 Shock                    Conj/Air       100%       1d9       0%          1
 Apportation              Tloc           100%       N/A       1%          1
 Foxfire                  Conj/Fire      100%       2x1d9     1%          1
 Freeze                   Ice            100%       1d11      1%          1
 Sting                    Tmut/Pois      100%       1d8       1%          1
 Corpse Rot               Necr/Air       N/A        N/A       1%          2
 Ensorcelled Hibernation  Hex/Ice        100%       N/A       1%          2
 Poisonous Vapours        Pois/Air       100%       N/A       1%          2
 Searing Ray              Conj           100%       3d7       1%          2
 Static Discharge         Conj/Air       85%        N/A       1%          2
 Conjure Flame            Conj/Fire      63%        6-21      1%          3
 Dazzling Flash           Conj/Hex       100%       N/A       1%          3
 Frozen Ramparts          Ice            100%       1d12      1%          3
 Ignite Poison            Fire/Tmut/Pois 53%        N/A       1%          3
 Mephitic Cloud           Conj/Pois/Air  71%        N/A       1%          3
 Ozocubu's Armour         Ice            76%        N/A       1%          3
 Portal Projectile        Hex/Tloc       100%       N/A       1%          3
 Stone Arrow              Conj/Erth      100%       3d13      1%          3
 Swiftness                Air            84%        N/A       1%          3
 Airstrike                Air            42%        N/A       1%          4
 Animate Armour           Summ/Erth      100%       N/A       1%          4
 Fulminant Prism          Conj/Hex       31%        3d16      1%          4
 Hailstorm                Conj/Ice       81%        3d16      1%          4
 Ice Form                 Ice/Tmut       81%        N/A       1%          4
 Iskenderun's Mystic Bla  Conj/Tloc      82%        2d16      1%          4
 Leda's Liquefaction      Hex/Erth       31%        N/A       1%          4
 Petrify                  Tmut/Erth      85%        N/A       1%          4
 Summon Lightning Spire   Summ/Air       62%        N/A       1%          4
 Freezing Cloud           Conj/Ice/Air   41%        6-21      1%          5
 Irradiate                Conj/Tmut      42%        3d27      1%          5
 Iskenderun's Battlesphe  Conj           85%        2d13      1%          5
 Lee's Rapid Deconstruct  Erth           42%        3d22*     1%          5
 Lightning Bolt           Conj/Air       42%        1d62      1%          5
 Corona                   Hex            27%        N/A       2%          1
 Summon Small Mammal      Summ           100%       N/A       2%          1
 Bolt of Magma            Conj/Fire/Erth 35%        4d15      2%          5
 Conjure Ball Lightning   Conj/Air       42%        3x3d15    2%          6
 Call Imp                 Summ           25%        N/A       3%          2
 Slow                     Hex            25%        N/A       3%          2
 Sublimation of Blood     Necr           12%        N/A       3%          2
 Summon Ice Beast         Ice/Summ       57%        N/A       3%          4
 Alistair's Intoxication  Tmut/Pois      42%        N/A       4%          5
 Yara's Violent Unravell  Hex/Tmut       31%        3d13      4%          5
 Silence                  Hex/Air        31%        N/A       5%          5
 Call Canine Familiar     Summ           25%        N/A       6%          3
 Confusing Touch          Hex            25%        N/A       6%          3
 Inner Flame              Hex/Fire       25%        N/A       6%          3
 Summon Guardian Golem    Hex/Summ       25%        N/A       6%          3
 Tukima's Dance           Hex            25%        N/A       6%          3
 Summon Forest            Summ/Tloc      29%        N/A       8%          5
 Metabolic Englaciation   Hex/Ice        28%        N/A       9%          5
 Dragon Form              Tmut           42%        N/A       13%         7
 Storm Form               Tmut/Air       42%        N/A       14%         7
 Cause Fear               Hex            12%        N/A       22%         4
 Dispel Undead            Necr           25%        3d12      22%         4
 Olgreb's Toxic Radiance  Pois           25%        N/A       22%         4
 Eringya's Noxious Bog    Tmut/Pois      31%        N/A       28%         6
 Ozocubu's Refrigeration  Ice            38%        4d12      36%         7
 Simulacrum               Ice/Necr       28%        N/A       43%         6
 Agony                    Necr           25%        N/A       52%         5
 Excruciating Wounds      Necr           12%        N/A       52%         5
 Summon Mana Viper        Hex/Summ       25%        N/A       52%         5
 Lehudib's Crystal Spear  Conj/Erth      42%        10d10     71%         8
 Malign Gateway           Summ/Tloc      29%        N/A       92%         7
 Invisibility             Hex            12%        N/A       97%         6
 Discord                  Hex            12%        N/A       100%        8
 Ignition                 Fire           12%        3d6       100%        8
 Chain Lightning          Conj/Air       42%        3d56      100%        9
 Dragon's Call            Summ           12%        N/A       100%        9
 Fire Storm               Conj/Fire      31%        8d8       100%        9
 Shatter                  Erth           42%        3d33*     100%        9


Dungeon Overview and Level Annotations

Branches:
Dungeon (15/15)            Temple (1/1) D:6            Lair (6/6) D:9
 Shoals (4/4) Lair:3       Spider (4/4) Lair:2        Slime (0/5) Lair:5
    Orc (2/2) D:9             Elf (3/3) Orc:2        Vaults (4/5) D:14
  Crypt (0/3) Vaults:2     Depths (5/5) D:15           Hell (visited)
    Tar (0/7) Hell            Zot (5/5) Depths:5      Sewer (visited)
 Bailey (visited)         Volcano (visited)         Desolation (visited)
    Dis: Hell:1         Geh: Hell:1         Coc: Hell:1

Altars:
Ashenzari
Cheibriados
Dithmenos
Elyvilon
Fedhas
Gozag
Hepliaklqana
Kikubaaqudgha
Makhleb
Nemelex Xobeh
Okawaru
Qazlal
Ru
Sif Muna
Trog
Uskayaw
Vehumet
Wu Jian
Xom
Yredelemnul
Zin
The Shining One
Beogh
Jiyva

Shops:
D:1 [([?   D:3 *   D:9 *   D:12 *(:   Orc:1 ?(   Orc:2 =[(*   Elf:2 *
Shoals:4 (   Depths:1 :=   Depths:5 [

Portals:
Hell: Depths:1 Depths:2 Depths:3 Depths:4 Depths:5
Abyss: Depths:2 Depths:3 Depths:4
Pandemonium: Depths:3
Ziggurat: Depths:5
Trove: Elf:2 (give arbalest "Damnation")

Annotations:
D:13 2 transporters, Ynwesix's ghost, journeyman DDFi
D:14 2 transporters
Depths:4 3 runed translucent doors
Hell exclusion: 2 ice statues, Geryon


Innate Abilities, Weirdness & Mutations

You are a living statue of rough stone.
Your actions are slow, but your melee attacks are powerful.
You are resistant to unholy torment.
Your maximum health is greatly increased.
You are immune to poison.
Your equipment is partially melded.
You have claws for hands.
(You are completely covered in icy blue scales. (AC +4, rC+))
You regenerate health from kills.
You are extremely robust. (+30% HP)
You are completely covered in sharp spines.
Armour fits poorly on your strangely shaped body.
Your body often deteriorates upon taking damage.
You occasionally shout uncontrollably at your foes.
You do not regenerate when monsters are visible.
You sometimes lose the ability to read scrolls when taking damage.


Message History

The Orb Guardian is struck by your spines.
The Orb Guardian misses you.
The Orb Guardian hits you but does no damage.
You mangle the Orb Guardian!!
You kill the Orb Guardian!
Cheibriados thoroughly appreciates the change of pace.
An Orb Guardian comes into view.
The moth of wrath enters a dispersal trap!
The Orb Guardian blinks! x2; You blink.
The moth of wrath blinks!
Unknown command.
You cannot read scrolls in your current state!
Okay, then.
You feel protected.
The moth of wrath goads the Orb Guardian on!
The Orb Guardian goes berserk!
You feel very mighty all of a sudden. You block the Orb Guardian's attack.
The Orb Guardian is struck by your spines.
The Orb Guardian barely misses you.
The moth of wrath is struck by your spines.
The moth of wrath bites you but does no damage.
Unknown command.
You mangle the moth of wrath!!
The moth of wrath is severely wounded.
The Orb Guardian hits you but does no damage.
You block the Orb Guardian's attack. The Orb Guardian barely misses you.
You block the moth of wrath's attack. The Orb Guardian completely misses you.
The Orb Guardian is struck by your spines.
The Orb Guardian hits you but does no damage.
You eviscerate the moth of wrath!!!!
You kill the moth of wrath!
Cheibriados thoroughly appreciates the change of pace.
You can read scrolls again.
The Orb Guardian barely misses you. You block the Orb Guardian's attack.
The Orb Guardian hits you!!
You feel threatened and lose the ability to read scrolls!
* * * LOW HITPOINT WARNING * * *
Your body deteriorates!
You feel clumsy. The Orb Guardian hits you.
You die...

▓▓▓▓▓▓▓▓▓▓▓▓▓▓▓
▓▓▓▓8†.^.........▓▓▓▓
▓▓▓.XXXX.)............▓
▓▓.....X............^..^
▓.......................
▓.................))....
▓^.................)....
▓......................▓
..............^........▓▓
(▓.^....................▓


You could see 5 Orb Guardians.

Vanquished Creatures
  A dread lich (Zot:5)
  2 orbs of fire
  An ancient lich (Zot:5)
  Mennas (Vaults:4)
  Boris (Depths:3)
  4 Killer Klowns (Zot:5)
  4 golden dragons
  3 electric golems
  Jorgrun (D:12)
  4 tentacled monstrosities
  14 Orb Guardians (Zot:5)
  Rupert (Spider:1)
  2 liches
  2 deep elf master archers (Elf:3)
  2 deep elf blademasters (Elf:3)
  2 titans (Depths:4)
  2 quicksilver dragons
  A kraken (Shoals:4)
  3 death cobs
  Kirke (Shoals:3)
  Polyphemus (Shoals:4)
  4 shadow dragons
  6 storm dragons
  Donald (Elf:2)
  5 draconian monks (Depths:5)
  Ilsuiw (Shoals:4)
  9 fire giants
  4 vault wardens
  7 frost giants
  A draconian shifter (Zot:2)
  2 imperial myrmidons (Desolation)
  4 deep elf sorcerers
  Aizul (Shoals:4)
  A caustic shrike zombie (Depths:4)
  4 orc warlords
  5 ghost moths (Spider:4)
  14 ironbound preservers
  8 emperor scorpions
  A balrug (Abyss:3)
  Louise (Depths:4)
  5 reapers (Hell)
  2 spriggan defenders
  A draconian stormcaller (Depths:5)
  3 draconian annihilators (Depths:5)
  3 deep elf elementalists (Elf:3)
  A war gargoyle (Vaults:4)
  A caustic shrike skeleton (Depths:4)
  9 stone giants
  9 very ugly things
  2 halazid warlocks (Desolation)
  6 green draconians
  9 entropy weavers
  4 vampire knights
  6 deep elf demonologists
  5 deep elf annihilators
  7 black draconians
  A lorocyproca (Hell)
  4 white draconians
  7 purple draconians
  7 red draconians
  6 spark wasps
  8 merfolk javelineers
  2 salamander tyrants
  Snorg (Orc:1)
  4 deep elf death magi (Elf:3)
  2 blizzard demons (Hell)
  9 ettins
  15 crystal guardians
  4 fire dragons
  3 rakshasas
  16 merfolk impalers
  2 deep elf high priests (Elf:3)
  5 yaktaur captains
  4 great orbs of eyes
  8 ironbound thunderhulks
  4 ragged hierophants (Desolation)
  A hell beast (Zot:5)
  6 ice dragons
  10 vault guards
  7 boulder beetles
  Erolcha (D:12)
  3 ironbound frosthearts
  7 servants of whispers (Desolation)
  3 spriggan air magi
  A catoblepas (shapeshifter) (Depths:5)
  8 catoblepae
  The ghost of Osasis the Basher, a journeyman VSFi of Qazlal (Lair:2)
  3 merfolk aquamancers (Shoals:4)
  An ogre mage (D:15)
  8 peacekeepers
  5 merfolk avatars
  3 centaur warriors
  12 hydras
  31 dancing weapons
  10 deep troll shamans
  9 two-headed ogres
  3 satyrs
  3 tengu warriors
  2 death knights
  A vampire mage (Depths:1)
  Urug (D:10)
  6 ironbound beastmasters
  2 titan zombies (Abyss:3)
  12 death yaks
  9 deep troll earth magi
  8 spriggan berserkers
  6 hell hogs
  2 orc high priests
  4 thrashing horrors
  Sonja (Orc:2)
  26 deep elf knights
  17 hell knights
  6 sun demons
  6 soul eaters
  6 iron trolls
  A spatial maelstrom (Abyss:2)
  A salamander mystic (Depths:1)
  A sixfirhy (Abyss:2)
  8 skeletal warriors (Vaults:2)
  4 wretched stars (Abyss:3)
  8 glowing orange brains
  A storm dragon skeleton (Abyss:2)
  62 deep trolls
  A flayed ghost (Depths:1)
  11 sea snakes
  5 death drakes (Depths:5)
  2 orange crystal statues
  15 deep elf archers
  15 lindwurms
  An anaconda skeleton (Hell)
  13 ironbound convokers
  21 wizards
  20 harpies
  2 spectral wolf spiders (Spider:4)
  3 wolf spider zombies (Spider:4)
  A golden dragon skeleton (Depths:1)
  41 deep elf pyromancers
  9 orc knights
  A harpy (shapeshifter) (D:14)
  7 necromancers
  34 deep elf zephyrmancers
  7 fauns
  5 large abominations
  24 orb spiders
  A stone giant zombie (Hell)
  22 manticores
  31 wolf spiders
  2 tengu skeletons
  8 orc sorcerers
  11 moths of wrath
  A fire giant zombie (Abyss:2)
  47 ugly things
  A shining eye (shapeshifter) (D:12)
  An iron dragon skeleton (Depths:1)
  17 cyclopes
  9 salamanders
  A frost giant skeleton (Depths:1)
  A water nymph (shapeshifter) (Depths:4)
  8 merfolk sirens
  8 water nymphs
  5 toenail golems (Volcano)
  4 guardian serpents
  8 smoke demons
  5 black mambas
  A stone giant skeleton (Vaults:2)
  13 cane toads
  Joseph (Lair:1)
  3 torpor snails
  3 molten gargoyles
  A storm dragon simulacrum (Depths:1)
  Maggie (Lair:2)
  5 kobold demonologists (D:12)
  10 vault sentinels
  An elf skeleton (Vaults:2)
  A hellion (Depths:1)
  Psyche (D:12)
  7 komodo dragons
  An unseen horror (D:12)
  An unseen horror (shapeshifter) (D:15)
  18 yaktaurs
  2 efreet
  6 freezing wraiths
  A tormentor (Hell)
  3 tengu conjurers
  15 demonic crawlers
  An ancient zyme (Abyss:2)
  A hellwing (Abyss:2)
  3 meliai (Abyss:3)
  A queen bee (Abyss:3)
  10 trolls
  A yaktaur skeleton (Vaults:2)
  4 human skeletons (Vaults:2)
  5 wind drakes
  A jumping spider (shapeshifter) (Elf:1)
  21 jumping spiders
  42 merfolk
  4 polar bears (Lair:1)
  17 hornets
  9 blink frogs
  A meliai zombie (D:15)
  9 wolf spider simulacra (Spider:4)
  48 saltlings (Desolation)
  13 slime creatures
  Prince Ribbit (D:7)
  A dream sheep (shapeshifter) (Elf:1)
  A frost giant simulacrum (Depths:4)
  An alligator zombie (Hell)
  A blink frog (shapeshifter) (D:8)
  14 dream sheep
  62 redbacks
  A fire giant simulacrum (Depths:1)
  11 snapping turtles
  A centaur simulacrum (D:12)
  17 starcursed masses
  A shadow (Abyss:2)
  4 ettin skeletons
  24 water elementals
  6 wyverns
  2 wraiths (D:12)
  A ynoxinul (Abyss:2)
  4 air elementals
  32 tarantellas
  Sigmund (D:2)
  A vampire (D:12)
  4 spriggans
  5 fire elementals
  37 yaks
  A spriggan skeleton (Depths:1)
  A dire elephant simulacrum (Hell)
  3 hogs (Shoals:3)
  A chaos spawn (Abyss:2)
  Eustachio (D:3)
  3 fire bats (Lair:1)
  A golden eye (shapeshifter) (Elf:2)
  2 neqoxecs (Abyss:2)
  Grum (D:10)
  6 basilisks
  7 wargs
  Menkaure (D:6)
  7 vampire mosquitoes
  5 hell hounds (Hell)
  14 water moccasins
  3 acid dragons
  A floating eye (Depths:2)
  Purgy (Sewer)
  A hornet zombie (D:7)
  3 swamp drakes (Depths:5)
  36 orc warriors
  2 sky beasts
  An ice beast (D:6)
  6 black bears
  A necrophage (D:5)
  10 ogres
  8 wolves
  A snapping turtle zombie (Hell)
  7 small abominations
  19 centaurs
  2 kobold brigands (D:12)
  4 earth elementals
  11 bullfrogs
  11 gnoll sergeants
  A scorpion (D:3)
  A water moccasin zombie (D:5)
  A wyvern skeleton (D:7)
  3 water moccasin skeletons
  2 electric eels
  4 wights (Abyss:3)
  7 howler monkeys
  A crimson imp (Abyss:2)
  5 centaur zombies
  4 hounds
  3 quasits
  2 lava snakes (D:14)
  24 orc priests
  7 gnoll shamans
  A bullfrog skeleton (D:7)
  5 jellies
  3 centaur skeletons
  An iron imp (Abyss:3)
  17 orc wizards
  3 iguanas
  11 hell rats
  4 adders
  35 gnolls
  12 river rats (Lair:3)
  A shadow imp (D:8)
  3 white imps
  An ufetubus (Abyss:2)
  An adder skeleton (D:4)
  A worm (D:3)
  2 dart slugs (D:2)
  89 orcs
  5 ball pythons
  8 endoplasms
  7 giant cockroaches
  9 goblins
  9 hobgoblins
  3 jackals
  2 quokkas
  12 bats
  5 frilled lizards
  20 kobolds
  3 rats
  A fire vortex (Depths:1)
  4 tentacles (Shoals:4)
2127 creatures vanquished.

Vanquished Creatures (others)
  An ice dragon (Depths:3)
  A hydra (D:14)
  A deep elf knight (Elf:1)
  A spectral wolf spider (Spider:4)
  2 wizards (D:13)
  A deep elf pyromancer (Elf:1)
  A deep elf zephyrmancer (Elf:2)
  A manticore (Shoals:4)
  A wind drake (Depths:5)
  A saltling (Desolation)
  A human (Shoals:3)
  A water elemental (Elf:1)
  A small abomination (Abyss:3)
  An orc priest (Vaults:3)
  31 fungi
  7 pillars of salt (Elf:1)
  121 plants
  4 tentacles (Shoals:4)
  3 withered plants
181 creatures vanquished.

Grand Total: 2308 creatures vanquished

Notes
Turn   | Place    | Note
-------+----------+-------------------------------------------
     0 | D:1      | Alarkh the Demonspawn Earth Elementalist began the quest
                  | for the Orb.
     0 | D:1      | Reached XP level 1. HP: 13/13 MP: 3/3
    58 | D:1      | Found Moqaapp's Antique Armour Emporium.
   177 | D:1      | Reached skill level 1 in Transmutations
   276 | D:1      | Gained mutation: You regenerate a little health from kills.
                  | [demonic ancestry]
   276 | D:1      | Reached XP level 2. HP: 20/20 MP: 0/5
   586 | D:1      | Found Nijeg's Antique Weapon Emporium.
   671 | D:1      | Found Wehele Kuid's Armour Shop.
   691 | D:1      | Reached skill level 1 in Unarmed Combat
   746 | D:1      | Found Loakuini's Magic Scroll Emporium.
  1115 | D:1      | Reached XP level 3. HP: 21/25 MP: 4/6
  1445 | D:2      | Reached skill level 1 in Fighting
  1785 | D:2      | Noticed Sigmund
  1813 | D:2      | Found a faded altar of an unknown god.
  1925 | D:2      | Learned a level 3 spell: Stone Arrow
  2225 | D:3      | Found Dyisus's Assorted Antiques.
  2229 | D:3      | Gained mutation: You are partially covered in sharp spines.
                  | [demonic ancestry]
  2229 | D:3      | Reached XP level 4. HP: 32/32 MP: 5/7
  2323 | D:2      | Killed Sigmund
  2324 | D:2      | Reached XP level 5. HP: 38/38 MP: 6/9
  2965 | D:3      | Found a hazy altar of Hepliaklqana.
  2966 | D:3      | Found an ancient bone altar of Kikubaaqudgha.
  2966 | D:3      | Found a sparkling altar of Nemelex Xobeh.
  3008 | D:3      | Gained mutation: You regenerate health from kills. [demonic
                  | ancestry]
  3008 | D:3      | Reached XP level 6. HP: 36/44 MP: 0/10
  3339 | D:4      | Found a blossoming altar of Fedhas.
  3342 | D:4      | Found a shimmering altar of Xom.
  3845 | D:4      | Found a burning altar of Makhleb.
  3848 | D:4      | Found a basalt altar of Yredelemnul.
  3925 | D:4      | Noticed Eustachio
  3952 | D:3      | Killed Eustachio
  3953 | D:3      | Gained mutation: You are partially covered in icy blue
                  | scales. (AC +2) [demonic ancestry]
  3953 | D:3      | Reached XP level 7. HP: 18/51 MP: 0/12
  4197 | D:5      | Entered Level 5 of the Dungeon
  4521 | D:5      | Gained mutation: You have sharp fingernails. [demonic
                  | ancestry]
  4521 | D:5      | Reached XP level 8. HP: 51/58 MP: 10/13
  4712 | D:5      | Learned a level 2 spell: Passwall
  4782 | D:6      | Noticed Menkaure
  4839 | D:6      | Identified a scroll of acquirement
  4839 | D:6      | Acquired a +1 buckler of protection
  5001 | D:6      | Acquired the ring "Noxkoror" {rPois Dex+6}
  5143 | D:6      | Reached skill level 5 in Unarmed Combat
  5193 | D:6      | Found a glowing drain.
  5216 | Sewer    | Entered a sewer
  5299 | Sewer    | Noticed Purgy
  5305 | Sewer    | Killed Purgy
  5438 | D:6      | Killed Menkaure
  5526 | D:6      | Reached skill level 1 in Shields
  5526 | D:6      | Reached skill level 1 in Conjurations
  5627 | D:6      | Found a staircase to the Ecumenical Temple.
  5637 | Temple   | Entered the Ecumenical Temple
  5800 | Temple   | Became a worshipper of Cheibriados the Contemplative
  6234 | D:7      | Reached skill level 5 in Earth Magic
  6270 | D:7      | Noticed Prince Ribbit
  6274 | D:7      | Killed Prince Ribbit
  6275 | D:7      | Reached XP level 9. HP: 66/66 MP: 8/16
  6305 | D:7      | Reached * piety under Cheibriados
  6672 | D:1      | Bought a pair of runed boots for 120 gold pieces
  7171 | D:8      | Reached skill level 5 in Spellcasting
  7344 | D:8      | Identified the +3 chain mail of Purpose {Dex+3}
  7558 | D:8      | Reached ** piety under Cheibriados
  7568 | D:8      | Reached skill level 5 in Fighting
  8135 | D:9      | Reached *** piety under Cheibriados
  8159 | D:9      | Noticed a two-headed ogre
  8166 | D:9      | Killed a two-headed ogre
  8167 | D:9      | Gained mutation: You are mostly covered in icy blue scales.
                  | (AC +3) [demonic ancestry]
  8167 | D:9      | Reached XP level 10. HP: 69/75 MP: 8/18
  8595 | D:9      | Reached **** piety under Cheibriados
  8640 | D:9      | Found a staircase to the Orcish Mines.
  8701 | D:9      | Found Isuaditt's General Store.
  8805 | D:9      | Found a staircase to the Lair.
  9029 | D:10     | Entered Level 10 of the Dungeon
  9071 | D:10     | Noticed a two-headed ogre
  9076 | D:10     | Killed a two-headed ogre
  9203 | D:10     | Found a flagged portal.
  9217 | Bailey   | Entered a bailey
  9468 | Bailey   | Reached skill level 1 in Invocations
  9468 | Bailey   | Reached XP level 11. HP: 72/83 MP: 20/20
  9489 | Bailey   | Reached ***** piety under Cheibriados
  9717 | D:10     | Noticed Urug
  9725 | D:10     | Noticed Grum
  9805 | D:10     | Reached skill level 5 in Conjurations
  9985 | D:10     | Killed Grum
 10000 | D:10     | Killed Urug
 10445 | D:11     | Noticed a two-headed ogre
 10454 | D:11     | Killed a two-headed ogre
 10555 | D:11     | Acquired a book of Transfigurations
 10862 | D:11     | Learned a level 6 spell: Statue Form
 10869 | D:11     | Learned a level 5 spell: Blade Hands
 10931 | D:12     | Noticed Jorgrun
 10945 | D:12     | HP: 5/124 [Jorgrun/+0 vorpal quarterstaff (9)]
 10946 | D:12     | Killed Jorgrun
 11396 | Lair:1   | Entered Level 1 of the Lair of Beasts
 11597 | Lair:1   | Found a dark tunnel.
 11606 | Volcano  | Entered a volcano
 11614 | Volcano  | Noticed a wizard
 11617 | Volcano  | Killed a wizard
 11639 | Volcano  | Noticed a wizard
 11643 | Volcano  | Killed a wizard
 11644 | Volcano  | Reached skill level 10 in Unarmed Combat
 11644 | Volcano  | Gained mutation: You have very sharp fingernails. [demonic
                  | ancestry]
 11644 | Volcano  | Reached XP level 12. HP: 91/91 MP: 20/22
 11698 | Volcano  | Reached skill level 5 in Invocations
 11785 | Volcano  | Cast into level 2 of the Abyss (a wizard)
 11953 | Abyss:2  | Noticed a deep elf sorcerer
 12050 | Volcano  | Escaped the Abyss
 12062 | Volcano  | Reached skill level 5 in Stealth
 12210 | Volcano  | Cast into level 2 of the Abyss (a wizard)
 12225 | Abyss:2  | Gained mutation: You are occasionally teleported next to
                  | monsters. [a neqoxec]
 12287 | Abyss:2  | Noticed a starcursed mass
 12484 | Abyss:2  | Noticed a tentacled starspawn
 12498 | Abyss:2  | Reached ****** piety under Cheibriados
 12609 | Abyss:2  | Noticed a rakshasa
 12732 | Abyss:2  | Noticed a starcursed mass
 12802 | Volcano  | Escaped the Abyss
 13159 | Lair:2   | Lost mutation: You are occasionally teleported next to
                  | monsters. [potion of mutation]
 13159 | Lair:2   | Gained mutation: Armour fits poorly on your strangely
                  | shaped body. [potion of mutation]
 13159 | Lair:2   | Gained mutation: You are weak. (Str -2) [potion of
                  | mutation]
 13159 | Lair:2   | Gained mutation: You are resistant to electric shocks.
                  | (rElec) [potion of mutation]
 13159 | Lair:2   | Gained mutation: You have sharp toenails. [potion of
                  | mutation]
 13338 | Lair:2   | Noticed Maggie
 13345 | Lair:2   | Killed Maggie
 13392 | Lair:2   | Found a runed translucent door.
 13396 | Lair:2   | Noticed Osasis's ghost (journeyman VSFi)
 13406 | Lair:2   | Reached XP level 13. HP: 95/100 MP: 14/23
 13503 | Lair:2   | Found a hole to the Spider Nest.
 13852 | Lair:1   | Acquired the ring of Daengae {rCorr SInv}
 13854 | Lair:1   | Acquired the amulet "Yrawn" {Regen+ Dex+2}
 13973 | Lair:1   | Noticed Joseph
 13978 | Lair:1   | Killed Joseph
 13998 | Lair:1   | Acquired a book of the Earth
 13999 | Lair:1   | Acquired 1207 gold pieces
 14000 | Lair:1   | Acquired the amulet of Uskayaw's Pride {Acrobat +Inv rC++}
 14009 | Lair:1   | Learned a level 6 spell: Iron Shot
 14857 | Lair:3   | Found a staircase to the Shoals.
 15076 | Lair:3   | Identified the +5 halberd of Wonderful Purpose {vorpal,
                  | *Rage rF+ rCorr}
 15098 | Lair:3   | Identified the ring of Xuenkixt {rC+ MP+9}
 15168 | Lair:3   | Reached skill level 1 in Armour
 17382 | Lair:5   | Found a runed translucent door.
 17385 | Lair:5   | Found a viscous altar of Jiyva.
 17386 | Lair:5   | Found a staircase to the Slime Pits.
 17621 | Lair:6   | Entered Level 6 of the Lair of Beasts
 18129 | Lair:6   | Gained mutation: You are mostly covered in sharp spines.
                  | [demonic ancestry]
 18129 | Lair:6   | Reached XP level 14. HP: 108/108 MP: 13/25
 18419 | Lair:6   | Reached skill level 5 in Transmutations
 18745 | Lair:6   | Reached skill level 5 in Shields
 19841 | D:12     | Noticed Erolcha
 19858 | D:12     | Killed Erolcha
 19943 | D:12     | Found Daihankoitu's Assorted Antiques.
 20197 | D:12     | Noticed Psyche
 20198 | D:12     | Reached skill level 10 in Fighting
 20213 | D:12     | Killed Psyche
 20281 | D:12     | Lost mutation: You are weak. (Str -2) [potion of mutation]
 20281 | D:12     | Lost mutation: Armour fits poorly on your strangely shaped
                  | body. [potion of mutation]
 20281 | D:12     | Lost mutation: You have sharp toenails. [potion of
                  | mutation]
 20281 | D:12     | Lost mutation: You are resistant to electric shocks.
                  | (rElec) [potion of mutation]
 20281 | D:12     | Gained mutation: You do not regenerate when monsters are
                  | visible. [potion of mutation]
 20281 | D:12     | Gained mutation: You have very sharp teeth. [potion of
                  | mutation]
 20290 | D:12     | Lost mutation: You have very sharp teeth. [potion of
                  | mutation]
 20290 | D:12     | Lost mutation: You do not regenerate when monsters are
                  | visible. [potion of mutation]
 20290 | D:12     | Gained mutation: Your muscles are strong. (Str +2) [potion
                  | of mutation]
 20290 | D:12     | Gained mutation: Your muscles are very strong. (Str +4)
                  | [potion of mutation]
 20361 | D:12     | Reached skill level 10 in Invocations
 20444 | D:12     | Found Naow's Book Boutique.
 20449 | D:12     | Found Mintimi's Antique Weapon Shop.
 20673 | D:12     | Gained mutation: You have claws for hands. [demonic
                  | ancestry]
 20673 | D:12     | Reached XP level 15. HP: 115/115 MP: 27/27
 20758 | D:13     | Found a transporter.
 20758 | D:13     | Noticed Ynwesix's ghost (journeyman DDFi)
 20762 | D:13     | Found a transporter.
 21010 | D:13     | Identified the amulet of Vuzyi {Acrobat Harm *Corrode
                  | Int+5}
 21125 | D:13     | Identified the +8 scimitar of Watchfulness {speed, rElec
                  | rF+}
 21343 | D:14     | Found a transporter.
 21344 | D:14     | Noticed a tengu reaver
 21760 | D:14     | Found a gate to the Vaults.
 21928 | D:14     | Cast into level 2 of the Abyss (a wizard)
 21981 | D:14     | Escaped the Abyss
 22081 | D:14     | Identified the +6 dagger of Resourcefulness {freeze, Will++
                  | Int+2 Stlth+}
 22115 | D:14     | Found a transporter.
 22315 | D:15     | Entered Level 15 of the Dungeon
 22771 | D:15     | Found an iron altar of Okawaru.
 23010 | D:15     | Paralysed by an orc sorcerer for 4 turns
 23048 | D:15     | Found a staircase to the Depths.
 23289 | Orc:1    | Entered Level 1 of the Orcish Mines
 23296 | Orc:1    | Found Feung's Weapon Emporium.
 23334 | Orc:1    | Found Hufis's Weapon Emporium.
 23362 | Orc:1    | Found Luupanass's Magic Scroll Boutique.
 23525 | Orc:1    | Noticed an orc warlord
 23528 | Orc:1    | Noticed Snorg
 23539 | Orc:1    | Killed an orc warlord
 23635 | Orc:1    | Killed Snorg
 23692 | Orc:2    | Entered Level 2 of the Orcish Mines
 23695 | Orc:2    | Reached XP level 16. HP: 124/124 MP: 29/29
 23812 | Orc:2    | Found Ahiox's Antique Weapon Shoppe.
 23858 | Orc:2    | Found Liluev's Antique Armour Shop.
 23909 | Orc:2    | Found a staircase to the Elven Halls.
 23966 | Orc:2    | Found Qun Afy's General Store.
 24137 | Orc:2    | Found Lejub's Jewellery Boutique.
 24162 | Orc:2    | Noticed Sonja
 24165 | Orc:2    | Killed Sonja
 24589 | Orc:2    | Bought ichor-stained steam dragon scales for 990 gold
                  | pieces
 24589 | Orc:2    | Identified the +4 steam dragon scales of Free Will {rElec
                  | Int+4} (You bought it in a shop on level 2 of the Orcish
                  | Mines)
 25034 | Spider:1 | Entered Level 1 of the Spider Nest
 25338 | Orc:2    | Bought a ring of protection from fire for 425 gold pieces
 25555 | Spider:1 | Noticed Rupert
 25607 | Spider:1 | Reached skill level 10 in Conjurations
 26258 | Spider:2 | You fall into a shaft and drop 1 floor!
 26662 | Spider:3 | Reached XP level 17. HP: 131/131 MP: 8/30
 26670 | Spider:3 | Identified the +1 pair of boots "Sixabet" {rCorr Str+4}
 27574 | Spider:2 | Identified the +0 robe of Xom's Pride {-Cast rN+ rCorr
                  | Dex+4}
 27917 | Spider:2 | Reached skill level 5 in Armour
 28169 | Spider:1 | Killed Rupert
 28503 | Spider:4 | Entered Level 4 of the Spider Nest
 28681 | Spider:4 | Reached skill level 10 in Stealth
 28688 | Spider:4 | Reached skill level 10 in Earth Magic
 28691 | Spider:4 | Reached skill level 10 in Spellcasting
 29500 | Spider:4 | Got a gossamer rune of Zot
 29710 | Spider:4 | Reached skill level 15 in Unarmed Combat
 29988 | Lair:2   | Killed Osasis's ghost
 30091 | Shoals:1 | Entered Level 1 of the Shoals
 30271 | Shoals:1 | Reached XP level 18. HP: 140/140 MP: 32/32
 31166 | Shoals:2 | Reached skill level 5 in Dodging
 31414 | Shoals:2 | Learned a level 3 spell: Lesser Beckoning
 32056 | Shoals:3 | Reached skill level 1 in Translocations
 32160 | Shoals:3 | Noticed Kirke
 32168 | Shoals:3 | Paralysed by a sphinx for 7 turns
 32175 | Shoals:3 | Killed Kirke
 32678 | Shoals:4 | Entered Level 4 of the Shoals
 32707 | Shoals:4 | Noticed Aizul
 32716 | Shoals:4 | Killed Aizul
 32754 | Shoals:4 | Noticed Ilsuiw
 32783 | Shoals:4 | Killed Ilsuiw
 33142 | Shoals:4 | Found Danog's Weapon Boutique.
 33657 | Shoals:4 | Noticed Polyphemus
 33668 | Shoals:4 | Killed Polyphemus
 33669 | Shoals:4 | Reached XP level 19. HP: 146/146 MP: 24/33
 33690 | Shoals:4 | Identified the Disquisition on Translocation and
                  | Bewitchment
 33781 | Shoals:4 | Got a barnacled rune of Zot
 34291 | Vaults:1 | Entered Level 1 of the Vaults
 34617 | Vaults:1 | Found a gateway to a bazaar.
 35625 | Vaults:2 | Found a staircase to the Crypt.
 36579 | Vaults:3 | Identified the +8 chain mail of Inference {Dex+4}
 36840 | Vaults:3 | Gained mutation: You are completely covered in icy blue
                  | scales. (AC +4, rC+) [demonic ancestry]
 36840 | Vaults:3 | Reached XP level 20. HP: 129/155 MP: 31/35
 37688 | Vaults:4 | Learned a level 3 spell: Gell's Gravitas
 37717 | Vaults:4 | Noticed Mennas
 37951 | Vaults:4 | Cast into level 3 of the Abyss (a wizard)
 38121 | Abyss:3  | Reached skill level 10 in Armour
 38157 | Abyss:3  | Got an abyssal rune of Zot
 38180 | Abyss:3  | Reached skill level 10 in Transmutations
 38200 | Vaults:4 | Escaped the Abyss
 38765 | Vaults:4 | Reached skill level 5 in Translocations
 39398 | Vaults:4 | Killed Mennas
 39399 | Vaults:4 | Gained mutation: You are robust. (+10% HP) [demonic
                  | ancestry]
 39399 | Vaults:4 | Reached XP level 21. HP: 114/178 MP: 36/36
 40172 | Bazaar   | Entered a bazaar
 40174 | Bazaar   | Found Nasoimo's Distillery.
 40178 | Bazaar   | Found Onef's General Store.
 40178 | Bazaar   | Found Wosuim's Distillery.
 40179 | Bazaar   | Found Sozep's Weapon Boutique.
 40209 | Bazaar   | Bought a potion of curing for 33 gold pieces
 40209 | Bazaar   | Bought a potion of curing for 33 gold pieces
 40209 | Bazaar   | Bought 2 potions of curing for 66 gold pieces
 40209 | Bazaar   | Bought a potion of curing for 33 gold pieces
 40209 | Bazaar   | Bought a potion of mutation for 88 gold pieces
 40214 | Bazaar   | Bought a potion of curing for 30 gold pieces
 40214 | Bazaar   | Bought a potion of heal wounds for 50 gold pieces
 40214 | Bazaar   | Bought a potion of curing for 30 gold pieces
 40214 | Bazaar   | Bought a potion of heal wounds for 50 gold pieces
 40214 | Bazaar   | Bought a potion of heal wounds for 50 gold pieces
 40340 | Depths:1 | Entered Level 1 of the Depths
 40450 | Depths:1 | Found a gateway to Hell.
 40729 | Depths:1 | Found Jomeat's Jewellery Boutique.
 40729 | Depths:1 | Found Unuas's Book Shoppe.
 40731 | Depths:1 | Found Heiddaimne's Jewellery Boutique.
 40739 | Depths:1 | Bought The Grimoire of Greatest Risks and Utility for 2388
                  | gold pieces
 40749 | Depths:1 | Learned a level 9 spell: Polar Vortex
 41320 | Depths:2 | Reached skill level 1 in Air Magic
 41320 | Depths:2 | Reached skill level 15 in Invocations
 41406 | Depths:2 | Found a basalt altar of Yredelemnul.
 41437 | Depths:2 | Learned a level 2 spell: Blink
 41543 | Depths:2 | Found a one-way gate to the infinite horrors of the Abyss.
 41732 | Depths:2 | Identified the amulet "Xogriow" {Spirit rF- rC+ Will+
                  | Str+5}
 41734 | Depths:2 | Identified the -7 pair of boots of Henotheism {Int+4}
 42639 | Hell     | Entered the Vestibule of Hell
 42639 | Hell     | Noticed Geryon
 43051 | Hell     | Found a gateway to the decaying netherworld of Tartarus.
 43069 | Hell     | Gained mutation: You are completely covered in sharp
                  | spines. [demonic ancestry]
 43069 | Hell     | Reached XP level 22. HP: 187/187 MP: 37/37
 43512 | Depths:3 | Noticed Boris
 43522 | Depths:3 | Killed Boris
 43526 | Depths:3 | Cast into level 2 of the Abyss (hell knight)
 43595 | Depths:3 | Escaped the Abyss
 43759 | Depths:3 | Found a sacrificial altar of Ru.
 43808 | Depths:3 | Found a one-way gate leading to the halls of Pandemonium.
 44351 | Depths:3 | Found a shimmering blue altar of Sif Muna.
 44596 | Depths:3 | Upgraded the game from 0.27-a0-978-g2aa4ecdaef to
                  | 0.27-a0-988-g25969acef8
 44758 | Depths:4 | Found a runed translucent gate.
 44758 | Depths:4 | Found a runed translucent gate.
 44758 | Depths:4 | Found a runed translucent gate.
 44768 | Depths:4 | Found a shimmering altar of Xom.
 44797 | Depths:4 | Noticed Louise
 44806 | Depths:4 | Reached skill level 5 in Air Magic
 44829 | Depths:4 | Killed Louise
 45422 | Depths:4 | Identified the Incunabulum of Unstable Unholy Arts
 45504 | Depths:5 | Entered Level 5 of the Depths
 45519 | Depths:5 | Found Xeniesi's Assorted Antiques.
 45579 | Depths:5 | Found Cuusoe's Armour Emporium.
 45787 | Depths:5 | Reached XP level 23. HP: 194/194 MP: 34/39
 45817 | Depths:5 | Identified the ring "Ipithih" {+Blink rCorr Str-5 Int-4
                  | SInv}
 46110 | Depths:5 | Found a gate to the Realm of Zot.
 46267 | Depths:5 | Found a gateway to a ziggurat.
 46539 | Depths:5 | Reached skill level 10 in Shields
 46594 | Depths:5 | Upgraded the game from 0.27-a0-988-g25969acef8 to
                  | 0.27-a0-998-g4cfe56dd59
 46930 | Elf:1    | Entered Level 1 of the Elven Halls
 47165 | Elf:1    | Found a ruined gateway.
 47189 | Desolati | Entered the Desolation of Salt
 47223 | Desolati | Found the +8 longbow "Zephyr" {speed, Dex+3 SInv}
 47267 | Desolati | Identified the +10 plate armour "Waadak" {-Tele Will+++
                  | Int+7 Dex-3}
 47268 | Desolati | Identified the Guide on Intoxication and the Blaze
 47435 | Desolati | Identified the Volume of the Mutagenic Entourage
 47438 | Desolati | Identified Exzunt's Catalogue of Malediction and the
                  | Frostbite
 47569 | Desolati | Identified the ring "Lousuekk" {rCorr MP+9}
 47638 | Desolati | Identified the Almanac of Snow and Lightness
 49237 | Elf:2    | Found a portal to a secret trove of treasure.
 49261 | Elf:2    | Gained mutation: You are very robust. (+20% HP) [demonic
                  | ancestry]
 49261 | Elf:2    | Reached XP level 24. HP: 222/222 MP: 31/39
 49477 | Elf:2    | Found a huge runed translucent gate.
 49477 | Elf:2    | Found a huge runed translucent gate.
 49477 | Elf:2    | Found a huge runed translucent gate.
 49477 | Elf:2    | Found a huge runed translucent gate.
 49478 | Elf:2    | Found a huge runed translucent gate.
 49509 | Elf:2    | Noticed Donald
 49515 | Elf:2    | Killed Donald
 49587 | Elf:2    | Found Qemujyost's Assorted Antiques.
 49588 | Elf:2    | Acquired the +8 Vampire's Tooth {vamp}
 49589 | Elf:2    | Found the +8 Vampire's Tooth {vamp}
 49846 | Elf:2    | Upgraded the game from 0.27-a0-998-g4cfe56dd59 to
                  | 0.27-a0-1147-gb3d8e82157
 49846 | Elf:2    | Upgraded the game from 0.27-a0-1147-gb3d8e82157 to
                  | 0.27-a0-1301-g128193abf8
 49883 | Elf:2    | Reached skill level 10 in Dodging
 50328 | Elf:3    | Entered Level 3 of the Elven Halls
 50917 | Elf:3    | Identified the +0 ring mail of the Archfiend {Dex+2}
 51239 | Elf:3    | Identified the +1 robe "Geacits" {*Corrode +Inv rPois rC+}
 51257 | Elf:3    | Identified the +1 ring mail of a volcano {rPois rF- rCorr
                  | Int-5}
 51283 | Elf:3    | Identified the +1 plate armour of a wizard's laboratory
                  | {rN+ Regen+}
 51381 | Elf:3    | Identified the Reference Book on Destructive Earth
 51387 | Elf:3    | Identified the +1 chain mail "Ujoah" {rF+ Int+3 Stlth-}
 51999 | Zot:1    | Entered Level 1 of the Realm of Zot
 52026 | Zot:1    | Reached skill level 1 in Ice Magic
 52091 | Zot:2    | Reached skill level 10 in Air Magic
 52379 | Zot:4    | Noticed an orb of fire
 52384 | Zot:4    | Gained mutation: You occasionally shout uncontrollably at
                  | your foes. [an orb of fire]
 52392 | Zot:4    | Killed an orb of fire
 52471 | Zot:4    | Reached skill level 5 in Ice Magic
 52546 | Zot:5    | Entered Level 5 of the Realm of Zot
 52567 | Zot:5    | Gained mutation: You are extremely robust. (+30% HP)
                  | [demonic ancestry]
 52567 | Zot:5    | Reached XP level 25. HP: 64/248 MP: 37/40
 53127 | Zot:5    | Noticed a dread lich
 53127 | Zot:5    | Noticed an orb of fire
 53129 | Zot:5    | Paralysed by a dread lich for 5 turns
 53130 | Zot:5    | Lost mutation: Your muscles are very strong. (Str +4) [an
                  | orb of fire]
 53131 | Zot:5    | Noticed a Killer Klown
 53132 | Zot:5    | Noticed a Killer Klown
 53133 | Zot:5    | Noticed a Killer Klown
 53136 | Zot:5    | Noticed an ancient lich
 53136 | Zot:5    | Noticed a dread lich
 53137 | Zot:5    | Killed an orb of fire
 53138 | Zot:5    | Noticed an orb of fire
 53139 | Zot:5    | Noticed a Killer Klown
 53140 | Zot:5    | Noticed a Killer Klown
 53141 | Zot:5    | Noticed a Killer Klown
 53142 | Zot:5    | Noticed a Killer Klown
 53143 | Zot:5    | Noticed a Killer Klown
 53143 | Zot:5    | Lost mutation: Your muscles are strong. (Str +2) [an orb of
                  | fire]
 53144 | Zot:5    | Noticed a Killer Klown
 53147 | Zot:5    | Killed a dread lich
 53147 | Zot:5    | Paralysed by a dread lich for 4 turns
 53151 | Zot:5    | Gained mutation: You sometimes lose the ability to read
                  | scrolls when taking damage. [an orb of fire]
 54073 | Zot:5    | Killed a Killer Klown
 54080 | Zot:5    | Gained mutation: Your body sometimes deteriorates upon
                  | taking damage. [an orb of fire]
 54085 | Zot:5    | Killed an ancient lich
 54090 | Zot:5    | Gained mutation: You do not regenerate when monsters are
                  | visible. [an orb of fire]
 54092 | Zot:5    | Gained mutation: Armour fits poorly on your strangely
                  | shaped body. [an orb of fire]
 54096 | Zot:5    | Gained mutation: Your body often deteriorates upon taking
                  | damage. [an orb of fire]
 54097 | Zot:5    | Paralysed by a dread lich for 3 turns
 54120 | Zot:5    | Killed a Killer Klown
 54122 | Zot:5    | Killed a Killer Klown
 54332 | Zot:5    | Killed a Killer Klown
 54361 | Zot:5    | Reached skill level 10 in Translocations
 54385 | Zot:5    | HP: 1/322 [Orb Guardian (34)]
 54385 | Zot:5    | Slain by an Orb Guardian

Illustrated notes

Levels and vault maps discovered:
D:1:      psy_arrival_heroes, layout_loops_corners, serial_shops,
          shop_fountains, nicolae_shop_crystal, nicolae_shop_crystal,
          nicolae_shop_crystal, minmay_close_crescents
D:2:      layout_basic, hellmonk_ecumenical_altar_run_dry, chequers_avenue,
          uniq_sigmund
D:3:      layout_basic, minitemple, serial_shops, shop,
          chequers_hall_statues_wall_a, kennysheep_generic_room_15
D:4:      layout_loops_ring, grunt_temple_overflow_cloverleaf,
          kennysheep_generic_room_9, uniq_eustachio
D:5:      layout_rooms
D:6:      layout_loops_ring, minmay_temple_entry_proselytizer,
          gup_sewer_entry_glass, uniq_menkaure
D:7:      layout_loops_ring, uniq_prince_ribbit1
D:8:      layout_basic, special_room [special_room_orc]
D:9:      layout_roguey, grunt_lair_entry_orc_guard_hut, david_orc_1_choice,
          serial_shops, shop_fountains
D:10:     layout_stronghold, enter_bailey_7, uniq_urug, uniq_grum
D:11:     layout_basic
D:12:     minmay_the_grid_triangle_9x9_rhombus_full_mashed
          [minmay_the_grid_triangle_9x9_pentomino_pain,
          minmay_the_grid_triangle_9x9_warning,
          minmay_the_grid_triangle_9x9_windchime,
          minmay_the_grid_triangle_9x9_odd_lines,
          minmay_the_grid_triangle_9x9_skeleton,
          minmay_the_grid_triangle_9x9_negative_grid,
          minmay_the_grid_triangle_9x9_stretched_checkered,
          minmay_the_grid_triangle_9x9_prize_top_heavy], layout_cave_pools,
          serial_shops, nicolae_shop_waterfront, nicolae_shop_behind_doors,
          shop, uniq_psyche, uniq_jorgrun, uniq_erolcha
D:13:     minmay_wizard_corner, layout_cave_pools, gammafunk_ghost_mausoleum
D:14:     gammafunk_sealed_arena, layout_loops_cross,
          lightli_vaults_fourway_checkpoint, kennysheep_boxes
D:15:     grunt_enter_depths_magical_seal, layout_irregular_city, tso_altar,
          kennysheep_pointless_box, okawaru_altar_gauntlet_db
Temple:   regret_index_temple_waves
Lair:1:   beast_lair_carwin_large_3, layout_gridlike,
          nicolae_volcano_entry_batcave, serial_bayou_shore_b, uniq_joseph
Lair:2:   layout_gridlike, dummy_spider_entry, gammafunk_ghost_grave,
          grunt_forest_small_clearings, uniq_maggie
Lair:3:   layout_small_grid, minmay_shoals_entry_centaurs, st_stairs_7,
          kennysheep_rathole, lemuel_fruit_fields
Lair:4:   layout_regular_city
Lair:5:   layout_loops_ring, slime_altar_2
Lair:6:   evilmike_catoblepas_cave, layout_cave_shapes, gauntlet_entry_generic,
          minivault_25, nicolae_quartered_pool_super
Shoals:1: layout_shoals, lemuel_altar_in_water
Shoals:2: layout_shoals
Shoals:3: nzn_motion_control, layout_shoals, uniq_kirke
Shoals:4: shoals_end_simple, layout_shoals, shoals_ilsuiw_alternative,
          serial_shops, shop, uniq_polyphemus, uniq_aizul
Spider:1: cheibrodos_spider_silkery, uniq_rupert
Spider:2: nicolae_spider_hilbert_zone_4 [nicolae_spider_hilbert_4_sides_2_open,
          nicolae_spider_hilbert_4_sides_1_open,
          nicolae_spider_hilbert_4_sides_1_open,
          nicolae_spider_hilbert_4_sides_1_open,
          nicolae_spider_hilbert_4_sides_1_open,
          nicolae_spider_hilbert_2_sides_1_open,
          nicolae_spider_hilbert_2_sides_1_open,
          nicolae_spider_hilbert_2_sides_1_open,
          nicolae_spider_hilbert_2_sides_1_open,
          nicolae_spider_hilbert_6_sides_1_open,
          nicolae_spider_hilbert_6_sides_1_open,
          nicolae_spider_hilbert_3_sides_1_open,
          nicolae_spider_hilbert_3_sides_1_open]
Spider:3: layout_spider_delve, hangedman_spider_tarantella_strand
Spider:4: guppyfry_spider_rune, nicolae_spider_undead_wolf_pack
Orc:1:    layout_diamond_mine, serial_shops, nicolae_shop_waterfront,
          nicolae_shop_trees, shop, uniq_snorg
Orc:2:    grunt_orc_gardens, layout_caves, grunt_orc_garden, grunt_orc_garden,
          grunt_orc_garden, grunt_orc_garden, kennysheep_orc_chapel, uniq_sonja
Elf:1:    eino_elf_arrival_customs, layout_geoelf_diagonals,
          portal_desolation_entry_garden, hangedman_elven_crosses_minicolossus
Elf:2:    layout_geoelf_octagon, serial_shops,
          nicolae_shop_competitors_out_of_business,
          nicolae_trove_entry_isolated, uniq_donald
Elf:3:    elf_hall_gauntlet_narrow, layout_gridlike, fake_guardian_serpent_vault
Vaults:1: ontoclasm_vaults_tryst, v_misc_17, nicolae_vaults_asterisk,
          nicolae_vaults_little_ls, hangedman_vaults_slice,
          hangedman_vaults_nails, ontoclasm_vaults_chip, v_alt_pattern_4,
          v_misc_19, ontoclasm_vaults_bender, nicolae_vaults_circle_grid_a,
          hangedman_vaults_corner_blocks, nicolae_vaults_diagonal_hallway_6,
          layout_vaults_ring, serial_shops, statue_bzr
Vaults:2: minmay_crypt_entry_skeletal_spiral, hangedman_vaults_corner,
          hangedman_vaults_maws, hangedman_vaults_trim, v_alt_pattern_2,
          vaults_room_stairs_pillars, layout_vaults_omnigrid
Vaults:3: nicolae_vaults_puzzle_piece, v_misc_19, v_misc_11, special_room_vaults
          [special_room_orc], hangedman_vaults_stretched_pinwheel,
          ontoclasm_vaults_hangar, hangedman_vaults_pinch,
          ontoclasm_vaults_ring_square, vaults_room_semicircle,
          hangedman_vaults_slice, vaults_room_fours,
          ontoclasm_vaults_loading_screen, vaults_room_stairs_pillars,
          layout_vaults_omnicross
Vaults:4: ontoclasm_vaults_chip, v_alt_pattern_2, hangedman_vaults_impose,
          hangedman_vaults_snaps, ontoclasm_vaults_spin, nicolae_vaults_theta,
          vaults_room_octagon, nicolae_vaults_little_squares_4,
          vaults_room_boxed, dpeg_vaults_monster_box,
          layout_vaults_chaotic_city, uniq_mennas
Depths:1: layout_gridlike, hellmouth_3, grunt_decor_cap, nicolae_water_bricks,
          kennysheep_generic_room_11, serial_bayou_shore_b, minmay_shop_grove
Depths:2: minmay_shrinking_squares, layout_gridlike, hell_entry,
          roderic_lattice_a, hangedman_abyss_entry_splay, nicolae_sextant,
          yredelemnul_altar_generic, minmay_staircase_windowed_large
Depths:3: minmay_crystal_thing, layout_cave_pools,
          nicolae_ru_sacrificial_ziggurat, grunt_metal_band, pan_entry,
          abyss_entry_glasseish, infiniplex_staircase_zigzag_1,
          serial_bayou_shore_b, uniq_boris
Depths:4: kennysheep_water_balloons, layout_basic,
          nicolae_abyss_entry_one_way_or_another, pf_vacation_house_of_asmodeus,
          xom_teletrap_fun, pandoras_box_mu
Depths:5: lemuel_castle_with_subvaults [lemuel_castle_interior_carwin_1],
          layout_gridlike, enter_ziggurat_b, hangedman_coc_ice_floe,
          minmay_shoptagon, serial_bayou_shore_b
Hell
Zot:1:    hangedman_zot_vaults_quadrants, layout_concentric_octagons
Zot:2:    kennysheep_spiral_hall, layout_misc_corridors,
          ebering_ghost_disaster_area
Zot:3:    layout_gridlike
Zot:4:    layout_misc_corridors, grunt_ministairs_3
Zot:5:    layout_misc_corridors, hangedman_zot_gyre

Skill      XL: |  1  2  3  4  5  6  7  8  9 10 11 12 13 14 15 16 17 18 19 20 21 22 23 24 25 |
---------------+----------------------------------------------------------------------------+-----
Transmutations | 1 2 3 4 5 6 7 8 9 10 11 12 | 12.0
Unarmed Combat | 1 2 3 4 6 7 8 10 11 12 13 14 15 16 17 18 | 18.0
Fighting       | 1 2 3 4 5 6 7 8 9 10 11 12 13 14 | 14.0
Earth Magic    | 3 4 5 6 7 8 9 10 11 12 | 12.0
Spellcasting   | 3 4 5 6 7 8 9 10 11 12 13 | 13.9
Shields        | 1 3 4 5 6 7 8 9 10 11 | 11.9
Conjurations   | 1 3 4 6 7 8 9 10 11 12 | 12.0
Invocations    | 1 4 7 9 10 11 12 13 14 15 16 17 18 | 18.0
Stealth        | 4 6 7 8 9 10 11 12 13 | 13.0
Dodging        | 3 4 5 6 7 8 9 10 | 10.0
Armour         | 3 4 6 8 9 10 11 12 13 | 13.9
Translocations | 2 4 5 6 8 9 10 | 10.0
Air Magic      | 3 6 8 10 11 | 11.6
Ice Magic      | 5 9 |  9.4

Action                   |  1- 3 |  4- 6 |  7- 9 | 10-12 | 13-15 | 16-18 | 19-21 | 22-24 | 25-27 || total
-------------------------+-------+-------+-------+-------+-------+-------+-------+-------+-------++-------
Melee: Unarmed           |    34 |    33 |   153 |   239 |   623 |   856 |  1020 |  1267 |   114 ||  4339
       Kick              |       |       |       |       |    20 |       |       |       |       ||    20
       Punch             |       |       |       |       |     6 |       |       |       |       ||     6
Throw: Dart              |       |       |     1 |       |       |       |       |       |       ||     1
 Cast: Sandblast         |    88 |    16 |    79 |    63 |    14 |       |       |       |       ||   260
       Stone Arrow       |       |    16 |    39 |   186 |   177 |    15 |     3 |       |       ||   436
       Passwall          |       |       |     2 |     1 |       |       |       |       |       ||     3
       Statue Form       |       |       |       |       |    21 |    62 |    57 |    60 |     5 ||   205
       Iron Shot         |       |       |       |       |     4 |    49 |     3 |    26 |       ||    82
       Blade Hands       |       |       |       |       |     6 |       |       |       |     1 ||     7
       Lesser Beckoning  |       |       |       |       |       |    32 |    31 |    45 |       ||   108
       Gell's Gravitas   |       |       |       |       |       |       |     4 |       |       ||     4
       Blink             |       |       |       |       |       |       |       |     2 |       ||     2
Invok: Slouch            |       |       |       |       |     7 |    26 |    27 |     9 |     1 ||    70
       Step From Time    |       |       |       |       |     1 |     1 |       |       |       ||     2
       Bend Time         |       |       |       |       |       |       |       |     7 |       ||     7
       Temporal Distorti |       |       |       |       |       |       |       |       |     1 ||     1
 Abil: End Transformatio |       |       |       |       |     1 |       |       |       |       ||     1
Evoke: Wand              |       |       |       |       |       |       |       |     1 |       ||     1
  Use: Scroll            |     1 |     2 |     9 |    22 |    15 |    14 |     5 |     4 |     2 ||    74
       Potion            |       |     1 |       |     4 |     5 |     5 |     2 |     4 |     6 ||    27
 Stab: Sleeping          |       |     1 |     2 |     4 |    15 |    23 |    14 |    31 |     1 ||    91
       Distracted        |       |       |       |       |     7 |     6 |     2 |     3 |       ||    18
       Petrified         |       |       |       |       |    16 |     3 |     2 |       |       ||    21
       Petrifying        |       |       |       |       |     1 |     1 |       |       |       ||     2
       Held in net/web   |       |       |       |       |       |     1 |       |       |       ||     1
Armor: Robe              |    28 |     1 |    33 |     3 |       |       |       |       |       ||    65
       Skin              |       |     3 |       |     3 |   162 |   650 |   497 |   500 |   102 ||  1917
       Acid dragon scale |       |       |    12 |   100 |       |       |       |       |       ||   112
       Ring mail         |       |       |       |    55 |   129 |   116 |    61 |    94 |     1 ||   456
Dodge: Dodged            |    80 |    19 |   114 |   328 |   548 |  1114 |   936 |  1209 |   160 ||  4508
Block: Buckler           |       |       |    33 |   219 |   318 |   592 |   451 |       |       ||  1613
       Kite shield       |       |       |       |       |       |       |   136 |  1229 |   151 ||  1516

Table legend: (Time is in decaauts)
 A = Elapsed time spent in this place.
 B = Non-inter-level travel time spent in this place.
 C = Inter-level travel time spent in this place.
 D = Time resting spent in this place.
 E = Time spent auto-exploring this place.
 F = Levels seen in this place.
 G = Mean time per level.
                   A        B        C        D        E       F      G
               +--------+--------+--------+--------+--------+-----+--------+
         Total |  91149 |  78225 |  12924 |   3168 |  56031 |  60 | 1519.2 |
       Dungeon |  23081 |  17172 |   5909 |    482 |  13456 |  15 | 1538.7 |
        Temple |    231 |    116 |    115 |      0 |    115 |   1 |  231.0 |
          Lair |  12642 |  10884 |   1758 |    284 |   8855 |   6 | 2107.0 |
        Shoals |   7352 |   7013 |    339 |    218 |   4874 |   4 | 1838.0 |
   Spider Nest |   7858 |   7251 |    607 |    274 |   5249 |   4 | 1964.5 |
  Orcish Mines |   2894 |   2327 |    567 |     15 |   1718 |   2 | 1447.0 |
   Elven Halls |   6617 |   6128 |    489 |    576 |   3841 |   3 | 2205.7 |
        Vaults |  10180 |   9180 |   1000 |      0 |   7782 |   4 | 2545.0 |
        Depths |  11427 |   9773 |   1654 |    259 |   7304 |   5 | 2285.4 |
          Hell |    908 |    908 |      0 |    481 |     86 |   1 |  908.0 |
           Zot |   2748 |   2266 |    482 |    516 |    928 |   5 |  549.6 |
         Abyss |   2104 |   2104 |      0 |      9 |    142 |   5 |  420.8 |
        Bazaar |    105 |    105 |      0 |      0 |     56 |   1 |  105.0 |
         Sewer |    145 |    145 |      0 |      0 |    127 |   1 |  145.0 |
        Bailey |    558 |    558 |      0 |      0 |    213 |   1 |  558.0 |
       Volcano |    880 |    880 |      0 |     51 |    400 |   1 |  880.0 |
    Desolation |   1412 |   1412 |      0 |      0 |    879 |   1 | 1412.0 |
               +--------+--------+--------+--------+--------+-----+--------+

Top non-repeatable levels by time:
Vaults:4: 3201 daAuts
    D:10: 2788 daAuts
Depths:2: 2686 daAuts
Depths:5: 2661 daAuts
  Lair:6: 2616 daAuts
  Lair:2: 2595 daAuts
   Elf:1: 2507 daAuts
     D:9: 2497 daAuts
Depths:3: 2493 daAuts
Vaults:1: 2398 daAuts
Vaults:2: 2371 daAuts
Shoals:4: 2359 daAuts
    D:12: 2287 daAuts
Spider:4: 2241 daAuts
  Lair:1: 2215 daAuts
